 Dungeon Crawl Stone Soup version 0.31-a0-667-g39726597b9 (webtiles) character file.

Game seed: 7144963270559096866

16498 bowo the Mimic (level 12, -1/126 HPs)
             Began as a Demonspawn Shapeshifter on Sept 4, 2023.
             Was a Priest of Hepliaklqana.
             Succumbed to Nessos's poison
             ... on level 12 of the Dungeon.
             The game lasted 00:23:35 (11750 turns).

bowo the Mimic (Demonspawn Shapeshifter)           Turns: 11750, Time: 00:23:36

Health: -1/126     AC: 14    Str: 17    XL:     12   Next: 10%
Magic:  1/21       EV: 14    Int: 12    God:    Hepliaklqana [***...]
Gold:   672        SH:  0    Dex: 15    Spells: 11/11 levels left

rFire   . .          .
                       - Unarmed
rCold   . . .        (shield currently unavailable)
rNeg    . . .        s - +4 ring mail
rPois   .            (no helmet)
rElec   .            p - +0 cloak
rCorr   .            (no gloves)
SInv    .            n - +0 pair of boots
Will    .....        q - amulet of guardian spirit Stlth
                     t - ring of magical power
HPRegen 0.41/turn    (no ring)
MPRegen 0.17/turn

%: guardian spirit
@: berserking, lethally poisoned (-1 -> -15), flux-form, glowing, very quick
A: glow, contaminating, reduced essence, molten scales 2, powered by death 1,
powered by pain 2, demonic touch 2
a: Begin Untransformation, Renounce Religion, Recall Ancestor, Ancestor
Identity, Transference


You were on level 12 of the Dungeon.
You worshipped Hepliaklqana.
Hepliaklqana was most pleased with you.
You were something dangerously unstable.
You visited 2 branches of the dungeon, and saw 13 of its levels.

You collected 737 gold pieces.
You spent 65 gold pieces at shops.

Inventory:

Armour
 n - a +0 pair of boots (worn)
 p - a +0 cloak (worn)
 s - a +4 ring mail (worn)
 A - a +1 plate armour of willpower
Jewellery
 q - an amulet of guardian spirit (around neck)
 t - a ring of magical power (left hand)
 K - an amulet of regeneration
Talismans
 d - a flux talisman (active)
 k - a maw talisman
Wands
 o - a wand of quicksilver (7)
 w - a wand of paralysis (18)
 x - a wand of flame (24)
 F - a wand of mindburst (16)
 I - a wand of roots (9)
Scrolls
 a - 2 scrolls of enchant weapon
 c - a scroll of vulnerability {unknown}
 e - 6 scrolls of amnesia
 f - 3 scrolls of blinking
 i - 4 scrolls of fear
 u - 5 scrolls of revelation {unknown}
 y - a scroll of fog {unknown}
 z - a scroll of noise {unknown}
 C - 4 scrolls of teleportation {unknown}
 G - a scroll of acquirement {unknown}
 J - a scroll of enchant armour {unknown}
 L - a scroll of brand weapon {unknown}
Potions
 b - 3 potions of lignification
 g - 3 potions of magic
 h - 3 potions of might
 l - 8 potions of curing
 m - 5 potions of haste
 r - a potion of mutation
 v - 2 potions of heal wounds
 B - 2 potions of enlightenment
 D - 2 potions of resistance
 H - a potion of brilliance


   Skills:
 + Level 8.8 Fighting
 + Level 8.2 Dodging
 + Level 8.6 Unarmed Combat
 + Level 11.4 Shapeshifting


You had 11 spell levels left.
You didn't know any spells.
Your spell library was empty.

Dungeon Overview and Level Annotations

Branches:
Dungeon (12/15)            Temple (1/1) D:4            Lair (0/5) D:10
    Orc (0/2) D:12

Altars:
Ashenzari
Cheibriados
Dithmenos
Fedhas
Gozag
Hepliaklqana
Kikubaaqudgha
Makhleb
Nemelex Xobeh
Okawaru
Qazlal
Ru
Sif Muna
Trog
Uskayaw
Vehumet
Wu Jian
Xom
Yredelemnul

Shops:
D:3 =!==(   D:6 *   D:9 [

Annotations:
D:12 Nessos


Innate Abilities, Weirdness & Mutations

You are something dangerously unstable.
You glow with magical radiation, making you easy to see and hit.
Foes you strike become dangerously contaminated with magical radiation.
You are incapable of wielding weapons or throwing items.
Your life essence is reduced to manifest your ancestor. (-10% HP)
You are mostly covered in molten scales. (AC +3)
You regenerate a little health from kills.
You sometimes gain power by taking damage.
Your touch may inflict irresistible damage on your foes.


Message History

You are more poisoned.
Nessos shoots an arrow.
The arrow hits you!
* * * LOW HITPOINT WARNING * * *
The arrow burns you.
You are lethally poisoned!
* * * LOW HITPOINT WARNING * * *
Unknown command.
A red film seems to cover your vision as you go berserk!
You feel yourself moving faster!
You feel mighty!
* * * LOW HITPOINT WARNING * * *
You feel extremely sick.
Nessos unwields a +3 longbow of flaming.
It stops flaming.
Nessos hits you!
* * * LOW HITPOINT WARNING * * *
Nessos kicks you but does no damage.
Unknown command.
Unknown command.
Unknown command.
Unknown command.
Unknown command.
Unknown command.
You barely miss Nessos.
You touch Nessos!
Nessos is lightly wounded.
* * * LOW HITPOINT WARNING * * *
You feel very sick. Nessos hits you but does no damage.
Nessos kicks you but does no damage.
You hit Nessos.
Nessos begins to glow.
You touch Nessos!
Nessos is moderately wounded.
* * * LOW HITPOINT WARNING * * *
You feel sick. Nessos closely misses you. Nessos kicks you but does no damage.
You punch Nessos!
Nessos glows dangerously bright.
Nessos is heavily wounded.
* * * LOW HITPOINT WARNING * * *
You feel very sick. Nessos closely misses you.
Nessos kicks you but does no damage.
You hit Nessos.
Nessos shudders as magic cascades through them.
Nessos twists and deforms.
You touch Nessos!
Nessos is severely wounded.
You die...

.........#.......>...'. J#.
.........#...........# ##...
.........#...........# J....
.........#...........# ....
.........#...........# ..)
...###...###...##.##.####J#
...###...########.##.##...###
...........#................#..
...........#....B...........'..
...........#....c...........#..
...........#......##...##..#..#
....##<...##......##...##### ##
######....##.........().#
......รท...##......##....#
..........##......##....#
..........#........#>...#
..........#........#....#


You could see Nessos (fast, misshapen).

Vanquished Creatures
  Gastronok (D:8)
  The ghost of blacky4 the Cleaver, a journeyman DsHu of Nemelex Xobeh (D:10)
  A centaur warrior (D:11)
  2 two-headed ogres
  Pikel (D:4)
  A deep elf pyromancer (D:12)
  A manticore (D:12)
  A gargoyle (D:10)
  A komodo dragon (D:12)
  3 trolls
  Grinder (D:5)
  A slime creature (D:12)
  3 wraiths
  A vampire (D:10)
  5 yaks (D:12)
  A basilisk (D:11)
  4 vampire mosquitoes (D:11)
  2 steam dragons
  Menkaure (D:4)
  2 acid dragons
  3 water moccasins
  An ice beast (D:6)
  3 orc warriors
  3 black bears
  2 ogres
  6 centaurs
  A lemure (D:4)
  A phantom (D:6)
  2 kobold brigands
  5 bullfrogs
  A gnoll sergeant (D:11)
  A scorpion (D:5)
  9 wights
  6 killer bees (D:10)
  3 howler monkeys (D:7)
  A vampire bat (D:5)
  4 jellies
  A gnoll bouda (D:6)
  A hound (D:4)
  3 orc priests
  A sleepcap (D:4)
  Ijyb (D:4)
  3 iguanas
  Natasha (thrice) (D:3)
  8 orc wizards
  8 adders
  14 gnolls
  A shadow imp (D:7)
  A white imp (D:4)
  An ufetubus (D:5)
  A dart slug (D:4)
  3 fire bats (D:5)
  3 worms
  32 orcs
  2 spectral bats (D:5)
  3 ball pythons
  3 bat skeletons (D:5)
  A bat zombie (D:5)
  4 endoplasms
  2 giant cockroaches (D:2)
  19 goblins
  5 hobgoblins
  A jackal (D:5)
  3 quokkas
  13 bats
  A bat simulacrum (D:5)
  5 frilled lizards
  7 kobolds
  4 rats
244 creatures vanquished.

Vanquished Creatures (collateral kills)
  3 two-headed ogres
  A cyclops (D:12)
  An unseen horror (D:11)
  A shadow (D:10)
  A wyvern (D:11)
  A yak (D:12)
  An orc warrior (D:12)
  2 black bears (D:10)
  2 centaurs
  A bullfrog (D:10)
  A wight (D:8)
  A howler monkey (D:12)
  An orc priest (D:12)
  An iguana (D:5)
  3 orc wizards
  A gnoll (D:6)
  7 orcs
  2 jackals (D:5)
  3 kobolds
34 creatures vanquished.

Vanquished Creatures (others)
  5 hexers
  An ancestor (D:6)
6 creatures vanquished.

Grand Total: 284 creatures vanquished

Notes
Turn   | Place    | Note
-------+----------+-------------------------------------------
     0 | D:1      | bowo the Demonspawn Shapeshifter began the quest for the
                  | Orb.
     0 | D:1      | Reached XP level 1. HP: 15/15 MP: 1/1
   552 | D:1      | Gained mutation: You are partially covered in molten
                  | scales. (AC +2) [demonic ancestry]
   552 | D:1      | Reached XP level 2. HP: 21/21 MP: 2/2
   882 | D:2      | Found a bloodstained altar of Trog.
   948 | D:2      | Reached skill level 3 in Shapeshifting
  1396 | D:2      | Gained mutation: Your touch may inflict minor irresistible
                  | damage on your foes. [demonic ancestry]
  1396 | D:2      | Reached XP level 3. HP: 26/26 MP: 3/3
  1971 | D:3      | Found Gedidghoi's Antique Weapon Boutique.
  2110 | D:3      | Found Pecvirch's Jewellery Shoppe.
  2155 | D:3      | Reached XP level 4. HP: 26/32 MP: 4/4
  2186 | D:3      | Found Zeeg's Jewellery Boutique.
  2224 | D:3      | Found a stormy altar of Qazlal.
  2367 | D:3      | Reached skill level 4 in Shapeshifting
  2380 | D:3      | Found Elobrogra's Distillery.
  2388 | D:3      | Bought a potion of heal wounds for 65 gold pieces
  2392 | D:3      | Found Dipt's Jewellery Shop.
  2425 | D:3      | Noticed Natasha
  2431 | D:3      | Killed Natasha
  2535 | D:3      | Noticed an ogre
  2556 | D:3      | Killed an ogre
  2557 | D:3      | Reached skill level 5 in Shapeshifting
  2557 | D:3      | Gained mutation: You regenerate a little health from kills.
                  | [demonic ancestry]
  2557 | D:3      | Reached XP level 5. HP: 19/37 MP: 5/5
  2679 | D:3      | Noticed Natasha
  2690 | D:3      | Killed Natasha
  2740 | D:3      | Noticed Natasha
  2751 | D:3      | Killed Natasha
  2817 | D:3      | Found a faded altar of an unknown god.
  2849 | D:4      | Noticed a lemure
  2865 | D:4      | Gained mutation: You sometimes gain a little power by
                  | taking damage. [demonic ancestry]
  2865 | D:4      | Reached XP level 6. HP: 43/43 MP: 6/6
  2970 | D:4      | Reached skill level 6 in Shapeshifting
  3027 | D:4      | Noticed Pikel
  3037 | D:4      | Killed Pikel
  3038 | D:4      | Reached skill level 7 in Shapeshifting
  3038 | D:4      | Gained mutation: You are mostly covered in molten scales.
                  | (AC +3) [demonic ancestry]
  3038 | D:4      | Reached XP level 7. HP: 26/48 MP: 7/7
  3131 | D:4      | Noticed Ijyb
  3156 | D:4      | Killed Ijyb
  3271 | D:4      | Found a staircase to the Ecumenical Temple.
  3335 | D:4      | Reached skill level 8 in Shapeshifting
  3374 | Temple   | Entered the Ecumenical Temple
  3389 | Temple   | Became a worshipper of Hepliaklqana the Forgotten
  3601 | D:4      | Reached XP level 8. HP: 54/54 MP: 8/8
  3712 | D:4      | Found a hide-covered altar of Uskayaw.
  3993 | D:4      | Paralysed by a gnoll for 4 turns
  4147 | D:4      | Noticed Menkaure
  4153 | D:4      | Killed Menkaure
  4274 | D:5      | Entered Level 5 of the Dungeon
  4476 | D:5      | Reached * piety under Hepliaklqana
  4628 | D:5      | Noticed Grinder
  4645 | D:5      | Killed Grinder
  4646 | D:5      | Reached skill level 9 in Shapeshifting
  5034 | D:5      | Found a shimmering blue altar of Sif Muna.
  5189 | D:6      | Found a basalt altar of Yredelemnul.
  5272 | D:6      | Gained mutation: Your touch may inflict irresistible damage
                  | on your foes. [demonic ancestry]
  5272 | D:6      | Reached XP level 9. HP: 36/57 MP: 9/9
  5426 | D:6      | Found Qeiroph's General Store.
  5563 | D:6      | Found an opulent altar of Gozag.
  5809 | D:6      | Reached ** piety under Hepliaklqana
  5810 | D:6      | Remembered your ancestor Chakide as a hexer
  5830 | D:6      | Found a broken altar of Ashenzari.
  5830 | D:6      | Found a shadowy altar of Dithmenos.
  6311 | D:7      | Noticed a troll
  6321 | D:7      | Killed a troll
  6334 | D:7      | Reached skill level 5 in Unarmed Combat
  6407 | D:7      | Noticed a troll
  6416 | D:7      | Killed a troll
  7216 | D:8      | Reached skill level 5 in Fighting
  7400 | D:8      | Reached skill level 5 in Dodging
  7426 | D:8      | Noticed Gastronok
  7439 | D:8      | Killed Gastronok
  7440 | D:8      | Reached skill level 10 in Shapeshifting
  7440 | D:8      | Gained mutation: You sometimes gain power by taking damage.
                  | [demonic ancestry]
  7440 | D:8      | Reached XP level 10. HP: 66/68 MP: 10/10
  7486 | D:8      | You fall into a shaft and drop 3 floors!
  7529 | D:10     | Entered Level 10 of the Dungeon
  7666 | D:9      | Noticed a two-headed ogre
  7670 | D:9      | Killed a two-headed ogre
  7783 | D:9      | Identified the +1 robe of Mafum {rC+ Int+3 Dex+4}
  7821 | D:9      | Noticed a two-headed ogre
  7828 | D:9      | Killed a two-headed ogre
  8069 | D:8      | Found a snail-covered altar of Cheibriados.
  8168 | D:9      | Found Innitellops's Antique Armour Shop.
  8301 | D:9      | Reached *** piety under Hepliaklqana
  8624 | D:9      | Noticed a two-headed ogre
  8632 | D:9      | Killed a two-headed ogre
  8845 | D:10     | Noticed blacky4's ghost (journeyman DsHu)
  8845 | D:10     | Found a runed translucent door.
  8881 | D:10     | Found a staircase to the Lair.
  8888 | D:10     | Reached XP level 11. HP: 73/75 MP: 11/11
  9508 | D:10     | Found a sparkling altar of Nemelex Xobeh.
  9625 | D:10     | Killed blacky4's ghost
  9660 | D:11     | Noticed a centaur warrior
  9670 | D:11     | Killed a centaur warrior
  9963 | D:11     | Noticed a two-headed ogre
  9970 | D:11     | Killed a two-headed ogre
 10207 | D:11     | Reached skill level 11 in Shapeshifting
 10625 | D:12     | Found a staircase to the Orcish Mines.
 10713 | D:12     | Noticed a two-headed ogre
 10721 | D:12     | Killed a two-headed ogre
 11095 | D:12     | Noticed a deep elf pyromancer
 11104 | D:12     | Killed a deep elf pyromancer
 11382 | D:12     | Reached XP level 12. HP: 71/84 MP: 12/12
 11731 | D:12     | Noticed Nessos
 11747 | D:12     | HP: 6/126 [poisoned by Nessos]
 11749 | D:12     | HP: 2/126 [poisoned by Nessos]
 11750 | D:12     | Succumbed to Nessos's poison

Illustrated notes

Levels and vault maps discovered:
D:1:      dpeg_arrival_rhombi, layout_loops_corners
D:2:      layout_basic, basic_altar, hangedman_glass_teeth, eino_tiny_chamber
D:3:      layout_basic, lemuel_doored_altar, serial_shops, nicolae_square_shop,
          shop, nicolae_diamond_shop, nicolae_shop_crystal, shop_statue,
          shapermc_ecumenical_altar_pompeii, minmay_ogre_servants, uniq_natasha
D:4:      cheibrodos_barr_body, layout_basic, mainiacjoe_overflow_boulevard,
          minmay_temple_entry_overgrown, uniq_ijyb, uniq_menkaure, uniq_pikel
D:5:      layout_cave_pods, lemuel_blue_sif_altar, minmay_misc_feat_cross,
          chequers_serial_rivers_micro_a, goddamned_bats, uniq_grinder
D:6:      layout_loops_ring, mainiacjoe_overflow_alcove_3,
          yredelemnul_altar_generic, mainiacjoe_overflow_alcove_2, serial_shops,
          shop, amcnicky_mini_corridor_feature
D:7:      minmay_chambers_of_sixes, layout_basic
D:8:      layout_gridville, cheibrodos_worm_habitat, nicolae_water_bricks,
          uniq_gastronok
D:9:      layout_roguey, serial_glass, glass_columns_b, glass_columns_a,
          serial_shops, nicolae_shop_window_shopping, lemuel_flamethrower_2
D:10:     layout_small_grid, nemelex_diamond_rough_becter,
          due_lair_maze_entry_diamond, hellmonk_ghost_happy_afterlife
D:11:     layout_loops_ring
D:12:     layout_gridville, minmay_orc_entry_temple_small, jiyva_altar_1,
          uniq_nessos
Temple:   jpeg_temple_clearing

Skill      XL: |  1  2  3  4  5  6  7  8  9 10 11 |
---------------+----------------------------------+-----
Dodging        | 2 3 5 6 8 |  8.2
Shapeshifting  | 3 5 7 8 9 10 11 | 11.4
Unarmed Combat | 3 5 7 8 |  8.6
Fighting       | 3 5 7 8 |  8.8

Action                     |  1- 3 |  4- 6 |  7- 9 | 10-12 || total
---------------------------+-------+-------+-------+-------++-------
  Melee: Unarmed           |   100 |    77 |   288 |   286 ||   751
         Punch             |     2 |     1 |     2 |     3 ||     8
         Touch             |     6 |    21 |    70 |    86 ||   183
         Dagger            |       |    45 |    13 |       ||    58
         Maw               |       |       |       |    19 ||    19
 Invoke: Ancestor Identity |       |       |     1 |       ||     1
         Ancestor Life: He |       |       |     1 |       ||     1
         Recall Ancestor   |       |       |       |     1 ||     1
    Use: Scroll            |       |     4 |     7 |     4 ||    15
         Potion            |       |       |       |     4 ||     4
   Stab: Sleeping          |     2 |       |       |       ||     2
         Distracted        |       |       |     2 |     2 ||     4
         Confused          |       |       |     2 |     5 ||     7
 Armour: Animal skin       |    39 |    69 |    26 |       ||   134
         Ring mail         |       |       |   209 |   199 ||   408
         Skin              |       |       |       |    43 ||    43
  Dodge: Dodged            |    39 |    73 |   203 |   209 ||   524
   Form: Flux              |       |       |     1 |     1 ||     2
         Maw               |       |       |       |     1 ||     1

Table legend: (Time is in decaauts)
 A = Elapsed time spent in this place.
 B = Non-inter-level travel time spent in this place.
 C = Inter-level travel time spent in this place.
 D = Time resting spent in this place.
 E = Time spent auto-exploring this place.
 F = Levels seen in this place.
 G = Mean time per level.
                   A        B        C        D        E       F      G
               +--------+--------+--------+--------+--------+-----+--------+
         Total |  11694 |  11285 |    409 |    628 |   8876 |  13 |  899.5 |
       Dungeon |  11663 |  11282 |    381 |    628 |   8876 |  12 |  971.9 |
        Temple |     30 |      2 |     28 |      0 |      0 |   1 |   30.0 |
               +--------+--------+--------+--------+--------+-----+--------+

Top non-repeatable levels by time:
     D:4: 1327 daAuts
    D:11: 1171 daAuts
     D:2: 1082 daAuts
     D:7: 1068 daAuts
     D:9: 1004 daAuts
    D:12: 950 daAuts
     D:3: 937 daAuts
    D:10: 924 daAuts
     D:5: 893 daAuts
     D:1: 880 daAuts
     D:6: 793 daAuts
     D:8: 629 daAuts
  Temple: 30 daAuts
